 Dungeon Crawl Stone Soup version 0.31.0-9-g3a7656b989 (webtiles) character file.

Game seed: 17488018618512340457

99 qw the Shooter (level 4, -6/25 HPs)
             Began as a Deep Elf Hunter on Feb 2, 2024.
             Mangled by a gnoll
             ... wielding a +0 whip
              (8 damage)
             ... on level 3 of the Dungeon.
             The game lasted 00:00:04 (1247 turns).

qw the Shooter (Deep Elf Hunter)                    Turns: 1247, Time: 00:00:05

Health: -6/25      AC:  5    Str: 10    XL:     4   Next: 45%
Magic:  6/6        EV: 11    Int: 14    God:
Gold:   120        SH:  0    Dex: 18    Spells: 3/3 levels left

rFire   . . .        c - +2 longbow (flame)
rCold   . . .        (shield currently unavailable)
rNeg    . . .        f - +0 ring mail
rPois   .            (no helmet)
rElec   .            (no cloak)
rCorr   .            (no gloves)
SInv    .            (no boots)
Will    .....        (no amulet)
Stlth   +            (no ring)
HPRegen 0.24/turn    (no ring)
MPRegen 0.10/turn

%: no passive effects
@: no status effects
A: no striking features
a: no special abilities


You were on level 3 of the Dungeon.
You visited 1 branch of the dungeon, and saw 3 of its levels.

You collected 120 gold pieces.


   Skills:
 - Level 1.5 Fighting
 + Level 7.9 Ranged Weapons
 - Level 2.4 Dodging
 - Level 1.2 Stealth


You had 3 spell levels left.
You didn't know any spells.
Your spell library was empty.

Inventory:

Hand Weapons
 c - a +2 longbow of flaming (weapon)
Armour
 f - a +0 ring mail (worn)
Jewellery
 e - a ring of ice
Potions
 b - a potion of enlightenment {unknown}
 d - a potion of brilliance {unknown}
 g - a potion of invisibility {unknown}
 h - a potion of magic {unknown}
 j - a potion of cancellation
 k - a potion of might {unknown}

Dungeon Overview and Level Annotations

Branches:
Dungeon (3/15)

Altars:


Message History

Things that are here:
a +0 short sword; a +0 hand axe
Found a quarterstaff. 2 gnolls come into view.
The gnoll shouts!
A gnoll comes into view. It is wielding a +0 halberd.
You shoot an arrow. The arrow hits the gnoll.
The arrow burns the gnoll.
The gnoll is moderately wounded.
A gnoll comes into view. It is wielding a +0 spear.
You shoot an arrow. The arrow hits the gnoll.
The arrow burns the gnoll.
The gnoll is heavily wounded.
You shoot an arrow. The arrow closely misses the gnoll.
The arrow hits the gnoll!
The arrow burns the gnoll.
You kill the gnoll!
The gnoll closely misses you.
You shoot an arrow. The arrow closely misses the gnoll.
The arrow hits the gnoll!
The arrow burns the gnoll.
You kill the gnoll!
The gnoll hits you with a +0 whip.
You shoot an arrow. The arrow hits the gnoll.
The arrow burns the gnoll.
The gnoll is severely wounded.
The gnoll hits you with a +0 whip.
The gnoll hits you from afar with a +0 spear.
The gnoll hits you but does no damage.
You shoot an arrow. The arrow closely misses the gnoll.
The arrow hits the gnoll.
The arrow burns the gnoll.
The gnoll is lightly wounded.
The gnoll hits you from afar with a +0 spear.
The gnoll hits you but does no damage.
You shoot an arrow. The arrow barely misses the gnoll.
The arrow hits the gnoll!
The arrow burns the gnoll.
You kill the gnoll!
The gnoll barely misses you. The gnoll hits you with a +0 whip.
You shoot an arrow. The arrow barely misses the gnoll.
The gnoll hits you but does no damage.
You shoot an arrow.
The arrow hits the gnoll but does no damage.
The gnoll is heavily wounded.
The gnoll hits you with a +0 whip. The gnoll hits you with a +0 whip!
You die...

### ..## #..##
#.#.# #.###..#
###.)g@.#
......##.#
...).....#######
...##.###......#
.. # #.####.# .
#.####.#######
#.##.......)..
#.
#.##.#.#######
#.# #......#


You could see a gnoll.

Vanquished Creatures
  An orc wizard (D:3)
  3 gnolls (D:3)
  2 ribbon worms (D:2)
  4 orcs (D:3)
  3 endoplasms
  4 giant cockroaches
  A goblin (D:2)
  4 hobgoblins (D:1)
  A quokka (D:1)
  3 ball pythons
  2 bats (D:1)
  4 frilled lizards
  3 kobolds
  4 rats (D:1)
39 creatures vanquished.

Notes
Turn   | Place    | Note
-------+----------+-------------------------------------------
     0 | D:1      | qw the Deep Elf Hunter began the quest for the Orb.
     0 | D:1      | Reached XP level 1. HP: 12/12 MP: 3/3
     0 | D:1      | 0 ||| qw: Version: 0.3-a-155-g5e7d8dd
     0 | D:1      | 0 ||| qw: Game counter: 619
     0 | D:1      | 0 ||| qw: Melee chars always use a shield: true
     0 | D:1      | 0 ||| qw: God list: Okawaru
     0 | D:1      | 0 ||| qw: Allow faded altars: false
     0 | D:1      | 0 ||| qw: Do Orc after clearing Dungeon:15 true
     0 | D:1      | 0 ||| qw: Do second Lair branch before Depths: true
     0 | D:1      | 0 ||| qw: Lair rune preference: random
     0 | D:1      | 0 ||| qw: Goals: Normal
     0 | D:1      | 0 ||| PLANNING D:1-11
   125 | D:1      | Reached XP level 2. HP: 16/16 MP: 4/4
   150 | D:1      | Reached skill level 6 in Ranged Weapons
   531 | D:1      | 531 ||| UPGRADING to +0 ring mail.
   541 | D:1      | 541 ||| DROPPING +0 leather armour.
   542 | D:1      | 542 ||| READING scroll labelled BATHRA TOSMOUMINT.
   542 | D:1      | Identified a scroll of acquirement
   542 | D:1      | 542 ||| ACQUIRING +2 longbow of flaming
   542 | D:1      | Acquired a +2 longbow of flaming
   544 | D:1      | 544 ||| SWAPPING to +2 longbow of flaming.
   545 | D:1      | 545 ||| DROPPING +0 shortbow.
   546 | D:1      | 546 ||| DRINKING 2 yellow potions.
   547 | D:1      | 547 ||| DROPPING scroll of butterflies.
   709 | D:2      | Reached XP level 3. HP: 20/20 MP: 5/5
  1111 | D:2      | 1111 ||| READING scroll labelled OGHEOWK ARPHO.
  1112 | D:2      | 1112 ||| READING scroll labelled LAORHO MUTTUM.
  1113 | D:2      | 1113 ||| DRINKING 2 pink potions.
  1115 | D:2      | 1115 ||| Stepping ~*~*~tactically~*~*~ (cloud).
  1116 | D:2      | 1116 ||| DRINKING potion of curing.
  1116 | D:2      | 1116 ||| (to cure poison)
  1208 | D:3      | Reached skill level 7 in Ranged Weapons
  1209 | D:3      | Reached XP level 4. HP: 25/25 MP: 6/6
  1245 | D:3      | HP: 3/25 [gnoll/+0 whip (5)]
  1247 | D:3      | Mangled by a gnoll

Levels and vault maps discovered:
D:1:      eino_arrival_tree_alley, layout_loops_cross, minmay_pentomino_t4
D:2:      layout_loops_ring, minmay_small_reverse_x
D:3:      layout_loops_cross, bloody_trog

Skill      XL: |  1  2  3 |
---------------+----------+-----
Ranged Weapons | 6 7 |  7.9
Fighting       | |  1.5
Dodging        | |  2.4
Stealth        | |  1.2

Action                     |  1- 3 |  4- 6 || total
---------------------------+-------+-------++-------
   Fire: Shortbow          |    35 |       ||    35
         Longbow           |    28 |     9 ||    37
    Use: Scroll            |     3 |       ||     3
         Potion            |     3 |       ||     3
 Armour: Leather armour    |     2 |       ||     2
         Ring mail         |     7 |    10 ||    17
  Dodge: Dodged            |    11 |     2 ||    13

Table legend:
 A = Non-vault XP
 B = Vault XP
 C = Vault XP percentage of total XP
 D = Non-vault monster count
 E = Vault monster count
 F = Vault count percentage of total count
                 A         B        C        D         E       F
            +---------+---------+-------+---------+---------+-------
      Total |     130 |      12 |   8.5 |      32 |       7 |  17.9
            +---------+---------+-------+---------+---------+-------
        D:1 |      24 |       5 |  17.2 |      16 |       3 |  15.8
        D:2 |      16 |       7 |  30.4 |       7 |       4 |  36.4
        D:3 |      90 |       0 |   0.0 |       9 |       0 |   0.0
            +---------+---------+-------+---------+---------+-------
